 Dungeon Crawl Stone Soup version 0.24.0-13-gcf9b319 (webtiles) character file.

Game seed: 802163674314833288, levelgen mode: deterministic

4415 Arex the Covert (level 10, -26/69 HPs)
             Began as an Octopode Fighter on Dec 7, 2019.
             Was a Priest of Cheibriados.
             Annihilated by Gastronok (36 damage)
             ... on level 8 of the Dungeon.
             The game lasted 00:20:56 (8277 turns).

Arex the Covert (Octopode Fighter)                  Turns: 8277, Time: 00:20:57

Health: -26/69     AC:  4    Str: 35    XL:     10   Next: 36%
Magic:  14/14      EV: 17    Int: 18    God:    Cheibriados [***...]
Gold:   434        SH: 13    Dex: 19    Spells: 9/9 levels left

rFire    . . .     SeeInvis .     - Unarmed
rCold    + . .     Gourm    .   a - +0 shield
rNeg     . . .     Faith    .   (helmet restricted)
rPois    .         Spirit   .   (no amulet)
rElec    .         Reflect  .   e - +5 ring of strength
rCorr    .         Harm     .   s - ring of protection from cold
MR       .....                  u - +3 ring of protection
Stlth    +++++.....             (no ring)
HPRegen  0.21/turn              (no ring)
MPRegen  0.14/turn              (no ring)
                                (no ring)
                                (no ring)

@: mighty, very slow
A: almost no armour, stealthy swim, amphibious, 8 rings, constrict 8, camouflage
1, gelatinous body 1
a: Bend Time, Temporal Distortion, Renounce Religion


You were on level 8 of the Dungeon.
You worshipped Cheibriados.
Cheibriados was most pleased with you.
You were hungry.

You visited 2 branches of the dungeon, and saw 9 of its levels.

You collected 434 gold pieces.

Inventory:

Missiles
 o - 118 stones
 y - 4 silver javelins (quivered)
Armour
 a - a +0 shield (worn)
Jewellery
 e - a +5 ring of strength (left tentacle)
 s - a ring of protection from cold (right tentacle)
 u - a +3 ring of protection (on tentacle)
 z - the amulet of Compulsion {Gourm rPois rC+ SInv, unknown}
   (You found it on level 7 of the Dungeon)

   [amulet of the gourmand]

   It allows you to eat raw meat even when not hungry.
   It protects you from cold.
   It protects you from poison.
   It lets you see invisible.
Wands
 t - a wand of paralysis (1)
 B - a wand of iceblast (10)
 D - a wand of acid (2)
 I - a wand of disintegration (14)
Scrolls
 d - 3 scrolls of fog
 f - 5 scrolls of teleportation
 i - 4 scrolls of enchant armour
 j - a scroll of random uselessness {unknown}
 k - 6 scrolls of amnesia
 l - 2 scrolls of noise
 n - 3 scrolls of immolation {unknown}
 q - a scroll of blinking {unknown}
 r - 2 scrolls of enchant weapon {unknown}
 v - a scroll of holy word {unknown}
 w - 3 scrolls of remove curse
 x - a scroll of magic mapping {unknown}
 C - a scroll of vulnerability {unknown}
Potions
 g - 3 potions of curing
 h - 3 potions of agility
 m - 3 potions of flight
 p - a potion of invisibility
 E - 3 potions of brilliance {unknown}
 F - a potion of ambrosia {unknown}
 G - a potion of magic {unknown}
Comestibles
 c - 15 rations


   Skills:
 + Level 6.8 Fighting
 + Level 6.8 Dodging
 - Level 8.0 Stealth
 + Level 6.9 Shields
 + Level 6.4 Unarmed Combat
 * Level 6.4 Invocations


You had 9 spell levels left.
You didn't know any spells.
Your spell library was empty.

Dungeon Overview and Level Annotations

Branches:
Dungeon (8/15)             Temple (1/1) D:4
   Lair: D:8-11

Altars:
Ashenzari
Cheibriados
Elyvilon
Fedhas
Makhleb
Okawaru
Qazlal
Trog
Wu Jian
Yredelemnul
Zin
The Shining One

Shops:
D:6 :

Annotations:
D:4 exclusion: ogre
D:5 1 runed translucent door
D:8 Gastronok


Innate Abilities, Weirdness & Mutations

You cannot wear most types of armour.
You are very stealthy in the water. (Stealth+)
You are amphibious.
You can wear up to eight rings at the same time.
You can use your tentacles to constrict eight enemies at once.
Your skin changes colour to match your surroundings (Stealth+).
Your rubbery body absorbs attacks. (AC +1, EV +1)


Message History

Press: ? - help, Shift-Dir - straight line, f - you
Okay, then.
You feel very mighty all of a sudden.
Gastronok chants a spell, wobbling all the while.
Gastronok puts on a burst of speed!
Your shield prevents you from hitting Gastronok.
Gastronok is moderately wounded.
You batter Gastronok!!
Gastronok is heavily wounded.
The adder hisses angrily.
Gastronok bites you!!
* * * LOW HITPOINT WARNING * * *
You bludgeon Gastronok! You squeeze Gastronok.
Gastronok is severely wounded.
You batter Gastronok!! You squeeze Gastronok!!
Gastronok is almost dead.
A scorpion comes into view.
Gastronok bites you!!!
Ouch! That really hurt!
You die...

#.###.#
#.....##.....
#.# #.#
#.....###.##.
#.###.#
####### #####
#.....# #
####.## # #.#
# #.# ##.####
#.###.##.#
.......
#.@wS....#
##.####
#####....s #
### # # # # #
#


You could see Gastronok, a scorpion (wandering) and an adder.

Vanquished Creatures
  Harold (D:8)
  Pikel (D:8)
  Grinder (D:4)
  Prince Ribbit (D:7)
  A hippogriff (D:8)
  A hungry ghost (D:7)
  Menkaure (D:7)
  A sky beast (D:7)
  2 ice beasts
  An orc warrior (D:8)
  A black bear (D:7)
  3 slaves (D:8)
  2 phantoms
  5 ogres
  A necrophage (D:7)
  A centaur (D:5)
  A bullfrog (D:6)
  A gnoll sergeant (D:5)
  A killer bee (D:5)
  3 wights (D:8)
  A howler monkey (D:5)
  A bullfrog zombie (D:7)
  2 crimson imps
  A hound (D:6)
  2 jellies
  2 iguanas
  4 orc wizards
  10 worker ants
  A worker ant zombie (D:5)
  Robin (D:2)
  6 gnolls
  10 adders
  2 shadow imps (D:6)
  2 oozes
  2 adder zombies
  An adder skeleton (D:5)
  2 worms (D:2)
  8 leopard geckos
  19 orcs
  2 ball pythons
  12 giant cockroaches
  9 goblins
  12 hobgoblins
  9 jackals
  18 kobolds
  4 quokkas
  6 bats
  6 frilled lizards
  9 rats
194 creatures vanquished.

Notes
Turn   | Place    | Note
-------+----------+-------------------------------------------
     0 | D:1      | Arex the Octopode Fighter began the quest for the Orb.
     0 | D:1      | Reached XP level 1. HP: 16/16 MP: 1/1
    27 | D:1      | Reached XP level 2. HP: 14/21 MP: 2/2
   652 | D:1      | Reached XP level 3. HP: 22/26 MP: 3/3
  1084 | D:2      | Reached XP level 4. HP: 21/31 MP: 4/4
  1699 | D:2      | Found a glowing golden altar of the Shining One.
  1703 | D:2      | Found an iron altar of Okawaru.
  1995 | D:2      | Noticed Robin
  2274 | D:2      | Killed Robin
  2274 | D:2      | Reached XP level 5. HP: 37/37 MP: 5/5
  2393 | D:2      | Noticed a phantom
  2411 | D:2      | Killed a phantom
  2411 | D:2      | Reached skill level 1 in Stealth
  2755 | D:3      | Reached XP level 6. HP: 36/43 MP: 6/6
  3241 | D:3      | Reached skill level 2 in Stealth
  3647 | D:4      | Noticed Grinder
  3660 | D:4      | Killed Grinder
  3660 | D:4      | Reached skill level 3 in Stealth
  3660 | D:4      | Reached XP level 7. HP: 8/49 MP: 7/7
  4034 | D:4      | Found a staircase to the Ecumenical Temple.
  4039 | Temple   | Entered the Ecumenical Temple
  4051 | Temple   | Became a worshipper of Cheibriados the Contemplative
  4168 | D:5      | Entered Level 5 of the Dungeon
  4412 | D:5      | Found a blossoming altar of Fedhas.
  4483 | D:5      | Reached skill level 4 in Stealth
  4483 | D:5      | Reached skill level 5 in Shields
  4840 | D:5      | Found a runed translucent door.
  4843 | D:5      | Found a runed translucent door.
  4895 | D:5      | Reached skill level 5 in Fighting
  4895 | D:5      | Reached skill level 5 in Dodging
  4895 | D:5      | Reached XP level 8. HP: 55/55 MP: 8/8
  4925 | D:5      | Reached * piety under Cheibriados
  5433 | D:5      | Reached skill level 5 in Stealth
  5722 | D:6      | Reached skill level 1 in Invocations
  5781 | D:6      | Reached ** piety under Cheibriados
  5805 | D:6      | Reached skill level 5 in Unarmed Combat
  5837 | D:6      | Found Beost's Book Emporium.
  6046 | D:6      | Found a white marble altar of Elyvilon.
  6061 | D:6      | Reached XP level 9. HP: 62/62 MP: 11/11
  6223 | D:7      | Got a flickering bone amulet
  6277 | D:7      | Reached skill level 6 in Stealth
  6296 | D:7      | Noticed Prince Ribbit
  6302 | D:7      | Killed Prince Ribbit
  6858 | D:7      | Noticed Menkaure
  6865 | D:7      | Killed Menkaure
  7370 | D:8      | Reached skill level 7 in Stealth
  7394 | D:8      | Reached skill level 5 in Invocations
  7609 | D:8      | Reached *** piety under Cheibriados
  7843 | D:8      | Reached XP level 10. HP: 59/69 MP: 14/14
  7883 | D:8      | Noticed Harold
  7889 | D:8      | Killed Harold
  7897 | D:8      | Noticed Pikel
  7910 | D:8      | Killed Pikel
  7910 | D:8      | Reached skill level 8 in Stealth
  8265 | D:8      | Noticed Gastronok
  8277 | D:8      | Annihilated by Gastronok

Levels and vault maps discovered:
D:1:      psy_arrival_basics, layout_basic
D:2:      kb_forest_paths, layout_basic, grunt_temple_overflow_open, uniq_robin
D:3:      layout_basic
D:4:      layout_rooms, minmay_temple_entry_nine_rooms, first_ration,
          uniq_grinder
D:5:      lemuel_insect_pit, layout_rooms, nicolae_overflow_crystal_walls
D:6:      layout_loops_cross, elyvilon_altar_5, serial_shops, shop, st_stairs_11
D:7:      layout_layer_cave, uniq_prince_ribbit1, uniq_menkaure
D:8:      layout_loops_cross, uniq_gastronok, uniq_harold, uniq_pikel
Temple:   eino_temple_rhombus

Skill      XL: |  1  2  3  4  5  6  7  8  9 10 |
---------------+-------------------------------+-----
Unarmed Combat | 3 4 5 6 |  6.4
Fighting       | 4 5 6 |  6.8
Dodging        | 4 5 6 |  6.8
Stealth        | 1 3 4 5 7 8 |  8.0
Shields        | 4 5 6 |  6.9
Invocations    | 3 5 6 |  6.4

Action                   |  1- 3 |  4- 6 |  7- 9 | 10-12 || total
-------------------------+-------+-------+-------+-------++-------
Melee: Unarmed           |    91 |   139 |   219 |    38 ||   487
       Constrict         |    25 |    38 |    44 |     8 ||   115
       Tentacles         |    20 |    33 |    64 |    19 ||   136
       Punch             |     1 |     3 |     8 |     2 ||    14
Throw: Stone             |       |     1 |     4 |       ||     5
       Javelin           |       |       |    16 |     1 ||    17
Evoke: Wand              |       |       |     8 |     2 ||    10
  Use: Scroll            |     3 |     6 |     6 |       ||    15
       Potion            |       |       |     1 |     2 ||     3
 Stab: Sleeping          |     5 |    13 |    12 |     1 ||    31
       Paralysed         |       |       |     6 |       ||     6
  Eat: Chunk             |     1 |     8 |     4 |       ||    13
       Ration            |       |       |     2 |       ||     2
Armor: Skin              |     7 |    10 |    13 |     1 ||    31
Dodge: Dodged            |    39 |    37 |    83 |    11 ||   170
Block: Shield            |    36 |    55 |    68 |     3 ||   162
